 Dungeon Crawl Stone Soup version 0.25-a0-510-ge065f6de7d (webtiles) character file.

Game seed: 2664918016735150023, levelgen mode: classic

3284 EnegeticOcto the Cleaver (level 9, -4/124 HPs)
             Began as a Deep Dwarf Fighter on Feb 15, 2020.
             Was a Follower of Makhleb.
             Succumbed to a queen ant's poison
             ... on level 8 of the Dungeon.
             The game lasted 00:03:48 (3529 turns).

EnegeticOcto the Cleaver (Deep Dwarf Fighter)       Turns: 3529, Time: 00:03:48

Health: -4/124     AC: 24    Str: 23    XL:     9   Next: 69%
Magic:  10/10      EV:  2    Int:  9    God:    Makhleb [*.....]
Gold:   342        SH: 11    Dex: 12    Spells: 8/8 levels left

rFire    . . .     SeeInvis .   a - +0 war axe
rCold    . . .     Gourm    .   c - +0 kite shield
rNeg     + + +     Faith    .   (armour currently unavailable)
rPois    +         Spirit   .   (helmet unavailable)
rElec    .         Reflect  .   (cloak currently unavailable)
rCorr    .         Harm     .   (gloves currently unavailable)
MR       +....     NoTele   +   (boots currently unavailable)
Stlth    +.........             (no amulet)
HPRegen  0.00/turn              (no ring)
MPRegen  0.12/turn              (no ring)

@: lethally poisoned (-4 -> -58), tree-form, non-regenerating
A: damage resistance, heal wounds, rugged brown scales 1, high mp 1, sense
surroundings 2, no potion heal 1, no regeneration
a: Heal Wounds, Renounce Religion


You were on level 8 of the Dungeon.
You worshipped Makhleb.
Makhleb was aware of your devotion.
You were not hungry.
You were a tree.
You visited 2 branches of the dungeon, and saw 9 of its levels.

You collected 342 gold pieces.

Inventory:

Hand Weapons
 a - a +0 war axe (weapon)
Missiles
 p - 3 throwing nets (quivered)
Armour
 b - a +0 scale mail
 c - a +0 kite shield (worn)
 j - a +0 pair of boots (melded)
 n - a +0 cloak (melded)
 r - a +0 plate armour (melded)
Wands
 s - a wand of polymorph (4)
Scrolls
 g - 5 scrolls of remove curse {@r6}
 i - a scroll of identify {@r1}
 v - 2 scrolls of teleportation {@r2}
Potions
 d - 4 potions of might {@q3}
 f - 2 potions of resistance {@q6}
 h - a potion of agility {@q5}
 k - 2 potions of mutation
 l - a potion of curing {unknown}
 o - a potion of haste {@q4}
 q - a potion of magic
Comestibles
 e - 15 rations
 x - 15 chunks of flesh


   Skills:
 + Level 5.5 Fighting
 * Level 8.6 Axes
 + Level 6.7 Armour
 + Level 5.5 Dodging
 + Level 6.5 Shields
 * Level 5.8 Invocations


You had 8 spell levels left.
You didn't know any spells.
Your spell library contained the following spells:

 Spells                   Type           Power        Failure   Level  Hunger
 Magic Dart               Conj           #...         77%         1    ##.....
 Blink                    Tloc           N/A          88%         2    ###....
 Call Imp                 Summ           #.......     88%         2    ###....
 Slow                     Hex            #.......     88%         2    ###....
 Conjure Flame            Conj/Fire      #.......     98%         3    ####...
 Mephitic Cloud           Conj/Pois/Air  #.......     98%         3    ####...


Dungeon Overview and Level Annotations

Branches:
Dungeon (8/15)             Temple (1/1) D:4
   Lair: D:8-11

Altars:
Ashenzari
Cheibriados
Dithmenos
Elyvilon
Fedhas
Gozag
Hepliaklqana
Makhleb
Nemelex Xobeh
Okawaru
Qazlal
Ru
Trog
Uskayaw
Vehumet
Wu Jian
Xom
Yredelemnul
Zin
The Shining One


Innate Abilities, Weirdness & Mutations

You are resistant to damage.
You can heal yourself by infusing magical energy.
You passively map the area around you.
You do not regenerate.
((You have a pair of large antennae on your head. (SInv)))
(You are partially covered in rugged brown scales. (AC +1, +3% HP))
You have an increased reservoir of magic. (+10% MP)
Potions are less effective at restoring your health.


Message History

You feel very sick. You block the queen ant's attack.
You hit the queen ant but do no damage.
The queen ant is lightly wounded.
You feel very sick.
The queen ant stings you but does no damage.
You completely miss the queen ant.
The queen ant is lightly wounded.
You feel very sick. The queen ant stings you.
You are lethally poisoned!
The queen ant poisons you!
You hit the queen ant.
The queen ant is lightly wounded.
You feel extremely sick. The queen ant barely misses you.
You are too injured to fight recklessly!
You are too injured to fight recklessly!
You are too injured to fight recklessly!
You are too injured to fight recklessly!
You are too injured to fight recklessly!
You are too injured to fight recklessly!
You are too injured to fight recklessly!
You are too injured to fight recklessly!
You are too injured to fight recklessly!
You are too injured to fight recklessly!
You are too injured to fight recklessly!
You are too injured to fight recklessly!
You feel much better.
You feel very sick.
The queen ant stings you but does no damage.
Really quaff the potion of lignification?
You turn into a tree.
Your +0 cloak melds into your body.
Your +0 pair of boots melds into your body.
Your +0 plate armour melds into your body.
Your roots penetrate the ground.
You feel very sick. The queen ant stings you.
You hit the queen ant but do no damage.
The queen ant is lightly wounded.
You feel very sick.
The soldier ant waves its antennae.
You block the queen ant's attack.
You hit the queen ant but do no damage.
The queen ant is lightly wounded.
You feel very sick. You block the queen ant's attack.
A soldier ant comes into view.
You are too injured to fight recklessly!
You are too injured to fight recklessly!
You are too injured to fight recklessly!
You are too injured to fight recklessly!
You are too injured to fight recklessly!
You are too injured to fight recklessly!
You are too injured to fight recklessly!
You are too injured to fight recklessly!
You are too injured to fight recklessly!
You are too injured to fight recklessly!
You are too injured to fight recklessly!
You are too injured to fight recklessly!
You are too injured to fight recklessly!
You are too injured to fight recklessly!
You are too injured to fight recklessly!
You completely miss the queen ant.
The queen ant is lightly wounded.
You feel very sick. You block the queen ant's attack. The queen ant stings you.
You are lethally poisoned!
The queen ant poisons you!
The soldier ant waves its antennae.
You hit the queen ant but do no damage.
The queen ant is lightly wounded.
* * * LOW HITPOINT WARNING * * *
You feel extremely sick.
The soldier ant waves its antennae.
You block the queen ant's attack.
You hit the queen ant but do no damage.
The queen ant is lightly wounded.
* * * LOW HITPOINT WARNING * * *
You feel extremely sick. You block the queen ant's attack.
You hit the queen ant.
The queen ant is lightly wounded.
* * * LOW HITPOINT WARNING * * *
You feel extremely sick. The queen ant completely misses you.
You hit the queen ant but do no damage.
The queen ant is lightly wounded.
* * * LOW HITPOINT WARNING * * *
You feel very sick.
The queen ant stings you but does no damage.
You hit the queen ant but do no damage.
The queen ant is lightly wounded.
* * * LOW HITPOINT WARNING * * *
You feel extremely sick. You block the queen ant's attack.
Some of the chunks of flesh in your inventory have rotted away.
You hit the queen ant but do no damage.
The queen ant is lightly wounded.
You die...

,*** *,,,,,,,,********,,* *,
,,,***,,,,,,,*,**..[.,*,* *,
**,,**,,,,,,,*{*{a..##*,* *,
###.##,,,,,,,**{{aa..*,,********,
......,,,,,,,**{{aaa,**.##,,*,,**
###..#*****,,{**aaaa{{*..#,,*,,*
**,,** #..**##aa***...#,,',,* #
**>,** #..###a#####...#,,*,,** #
**,,* #....#♣##.#....#,,*,,**
#####**,* *#.............#+******
#...# *,* ####..#†.†###.,,.,,,**
<..[# *,***** ##.##.## *,...,,,,,
....# *,,,,,* #.....###..#*,****
....#******.##*#..†......#**,* *
......,,,,,......##...####**,*
#<...##****#...####.#.$# *,,***
#....#* ###..#*#.##.#***,,,,*


You could see a queen ant, 5 soldier ants and 4 worker ants.

Vanquished Creatures
  The ghost of Killmatronix the Cutter, a novice HaAr of Nemelex Xobeh (D:5)
  The ghost of kae the Cutter, a novice KoEn (D:5)
  A hippogriff (D:7)
  A wyvern (D:8)
  3 soldier ants (D:8)
  A water moccasin (D:6)
  2 orc warriors (D:7)
  An ogre (D:8)
  2 centaurs (D:8)
  3 bullfrogs
  A wyvern skeleton (D:7)
  A scorpion (D:4)
  3 wights (D:7)
  4 killer bees (D:7)
  2 crimson imps
  Crazy Yiuf (D:4)
  A jelly (D:7)
  3 orc priests
  A centaur skeleton (D:5)
  A hound (D:4)
  9 orc wizards
  An iguana (D:7)
  5 worker ants
  12 gnolls
  4 adders
  A shadow imp (D:7)
  An adder skeleton (D:8)
  2 leopard geckos
  26 orcs
  5 bats
  2 giant cockroaches
  2 goblins (D:1)
  3 hobgoblins (D:1)
  2 jackals (D:5)
  4 quokkas
  A jackal skeleton (D:5)
  4 kobolds (D:1)
  A quokka skeleton (D:4)
  A quokka zombie (D:7)
  A rat (D:1)
121 creatures vanquished.

Notes
Turn   | Place    | Note
-------+----------+-------------------------------------------
     0 | D:1      | EnegeticOcto the Deep Dwarf Fighter began the quest for the
                  | Orb.
     0 | D:1      | Reached XP level 1. HP: 20/20 MP: 1/1
    44 | D:1      | Reached XP level 2. HP: 24/27 MP: 2/2
   298 | D:2      | Reached XP level 3. HP: 23/33 MP: 3/3
   301 | D:2      | Reached skill level 3 in Axes
   301 | D:2      | Reached skill level 1 in Dodging
   336 | D:4      | Found a bloodstained altar of Trog.
   348 | D:4      | Found a staircase to the Ecumenical Temple.
   411 | Temple   | Entered the Ecumenical Temple
   516 | D:4      | Reached XP level 4. HP: 27/42 MP: 4/4
   585 | D:4      | Found a snail-covered altar of Cheibriados.
   585 | D:4      | Found a sacrificial altar of Ru.
   621 | D:4      | Found a runed translucent door.
   622 | D:4      | Noticed Crazy Yiuf
   666 | D:4      | Reached XP level 5. HP: 35/49 MP: 5/5
   717 | D:4      | Reached skill level 4 in Axes
   856 | D:4      | Reached XP level 6. HP: 38/56 MP: 6/6
   911 | D:4      | Found a shimmering altar of Xom.
  1140 | D:4      | Killed Crazy Yiuf
  1187 | D:5      | Entered Level 5 of the Dungeon
  1269 | D:5      | Reached skill level 5 in Axes
  1448 | D:5      | Reached XP level 7. HP: 54/63 MP: 7/7
  1529 | D:5      | Found a glowing silver altar of Zin.
  1594 | D:5      | Found an iron altar of Okawaru.
  1599 | D:5      | Found a glowing golden altar of the Shining One.
  1602 | D:5      | Found a stormy altar of Qazlal.
  1674 | D:5      | Found a runed translucent gate.
  1674 | D:5      | Found a runed translucent gate.
  1674 | D:5      | Found a runed translucent gate.
  1674 | D:5      | Noticed Killmatronix's ghost (novice HaAr)
  1675 | D:5      | Noticed kae's ghost (novice KoEn)
  1879 | D:5      | Killed Killmatronix's ghost
  1879 | D:5      | Reached skill level 6 in Axes
  1879 | D:5      | Reached skill level 5 in Armour
  1879 | D:5      | Reached skill level 5 in Shields
  1918 | D:5      | Killed kae's ghost
  1918 | D:5      | Reached XP level 8. HP: 64/73 MP: 8/8
  2059 | D:6      | Found a burning altar of Makhleb.
  2059 | D:6      | Found a radiant altar of Vehumet.
  2074 | D:6      | Became a worshipper of Makhleb the Destroyer
  2220 | D:6      | Found a blossoming altar of Fedhas.
  2227 | D:6      | Reached skill level 7 in Axes
  2227 | D:6      | Reached skill level 1 in Invocations
  2591 | D:7      | Noticed a hippogriff
  2620 | D:7      | Killed a hippogriff
  2767 | D:7      | Reached skill level 5 in Fighting
  2879 | D:7      | Gained mutation: You passively map the area around you.
                  | [Deep Dwarf growth]
  2879 | D:7      | Reached XP level 9. HP: 35/81 MP: 10/10
  2931 | D:7      | Reached skill level 5 in Dodging
  3288 | D:8      | Reached skill level 8 in Axes
  3333 | D:8      | Reached * piety under Makhleb
  3368 | D:8      | Reached skill level 5 in Invocations
  3444 | D:8      | Gained mutation: Potions are less effective at restoring
                  | your health. [potion of mutation]
  3444 | D:8      | Gained mutation: Your spells are a little easier to cast,
                  | but a little less powerful. [potion of mutation]
  3444 | D:8      | Gained mutation: Your mind is acute. (Int +2) [potion of
                  | mutation]
  3445 | D:8      | Lost mutation: Your spells are a little easier to cast, but
                  | a little less powerful. [potion of mutation]
  3445 | D:8      | Lost mutation: Potions are less effective at restoring your
                  | health. [potion of mutation]
  3445 | D:8      | Lost mutation: Your mind is acute. (Int +2) [potion of
                  | mutation]
  3445 | D:8      | Gained mutation: You have an increased reservoir of magic.
                  | (+10% MP) [potion of mutation]
  3445 | D:8      | Gained mutation: Armour fits poorly on your strangely
                  | shaped body. [potion of mutation]
  3445 | D:8      | Gained mutation: You passively map a large area around you.
                  | [potion of mutation]
  3446 | D:8      | Lost mutation: Armour fits poorly on your strangely shaped
                  | body. [potion of mutation]
  3446 | D:8      | Lost mutation: You passively map a large area around you.
                  | [potion of mutation]
  3446 | D:8      | Gained mutation: Potions are less effective at restoring
                  | your health. [potion of mutation]
  3446 | D:8      | Gained mutation: Your body sometimes deteriorates upon
                  | taking damage. [potion of mutation]
  3446 | D:8      | Gained mutation: You are partially covered in large bone
                  | plates. (SH +4) [potion of mutation]
  3446 | D:8      | Gained mutation: You are somewhat resistant to further
                  | mutation. [potion of mutation]
  3447 | D:8      | Lost mutation: You are partially covered in large bone
                  | plates. (SH +4) [potion of mutation]
  3447 | D:8      | Lost mutation: You are somewhat resistant to further
                  | mutation. [potion of mutation]
  3447 | D:8      | Lost mutation: Your body sometimes deteriorates upon taking
                  | damage. [potion of mutation]
  3447 | D:8      | Gained mutation: You have a somewhat thin skeletal
                  | structure. (Dex +2, Stealth) [potion of mutation]
  3447 | D:8      | Gained mutation: You have a pair of small antennae on your
                  | head. [potion of mutation]
  3447 | D:8      | Gained mutation: Scrolls take you a little longer to read.
                  | [potion of mutation]
  3447 | D:8      | Gained mutation: You have a pair of antennae on your head.
                  | [potion of mutation]
  3450 | D:8      | Lost mutation: Scrolls take you a little longer to read.
                  | [potion of mutation]
  3450 | D:8      | Lost mutation: You have a somewhat thin skeletal structure.
                  | (Dex +2, Stealth) [potion of mutation]
  3450 | D:8      | Gained mutation: You have a pair of large antennae on your
                  | head. (SInv) [potion of mutation]
  3450 | D:8      | Gained mutation: You are partially covered in rugged brown
                  | scales. (AC +1, +3% HP) [potion of mutation]
  3502 | D:8      | Noticed a queen ant
  3528 | D:8      | HP: 2/124 [poisoned by a queen ant]
  3529 | D:8      | Succumbed to a queen ant's poison

Levels and vault maps discovered:
D:1:      minmay_arrival_wavy_path, layout_rooms
D:2:      layout_basic, uniq_sigmund, uniq_terence, uniq_jessica
D:3:      cheibrodos_fertilizer, layout_loops_corners,
          kiku_gazebo_garden_becter, first_ration, uniq_ijyb
D:4:      layout_basic, lemuel_coloured_pillars_altar,
          gammafunk_temple_overflow_statue, temple_pool_b, bloody_trog,
          uniq_crazy_yiuf_cottage
D:5:      layout_loops_ring, old_standard_altar,
          minmay_overflow_temple_star_quad, gammafunk_ghost_cemetery
D:6:      layout_basic, grunt_temple_overflow_lords_of_destruction,
          fedhas_altar_2
D:7:      layout_loops_ring
D:8:      layout_rooms, lemuel_round_altar, grunt_livestock, minivault_29,
          uniq_psyche
Temple:   eino_temple_lava

Skill      XL: |  1  2  3  4  5  6  7  8  9 |
---------------+----------------------------+-----
Axes           | 3 4 5 6 7 8 |  8.6
Dodging        | 1 2 4 5 |  5.5
Fighting       | 3 4 5 |  5.5
Armour         | 4 5 6 |  6.7
Shields        | 4 5 6 |  6.5
Invocations    | 3 5 |  5.8

Action                   |  1- 3 |  4- 6 |  7- 9 || total
-------------------------+-------+-------+-------++-------
Melee: War axe           |    62 |   128 |   392 ||   582
 Abil: Heal Wounds       |       |     7 |    17 ||    24
Evoke: Wand              |       |       |     3 ||     3
  Use: Scroll            |       |       |    13 ||    13
       Potion            |       |       |     6 ||     6
  Eat: Chunk             |       |    13 |     1 ||    14
Armor: Scale mail        |    55 |    74 |    23 ||   152
       Plate armour      |       |       |   260 ||   260
       Skin              |       |       |     1 ||     1
Dodge: Dodged            |    25 |    53 |   130 ||   208
Block: Kite shield       |    59 |    82 |   266 ||   407

Table legend:
 A = Non-vault XP
 B = Vault XP
 C = Vault XP percentage of total XP
 D = Non-vault monster count
 E = Vault monster count
 F = Vault count percentage of total count
                 A         B        C        D         E       F
            +---------+---------+-------+---------+---------+-------
      Total |    3190 |    1502 |  32.0 |     111 |      10 |   8.3
            +---------+---------+-------+---------+---------+-------
        D:1 |      38 |       0 |   0.0 |      16 |       0 |   0.0
        D:2 |      10 |       0 |   0.0 |       4 |       0 |   0.0
        D:4 |     511 |      44 |   7.9 |      27 |       1 |   3.6
        D:5 |     203 |     839 |  80.5 |      13 |       2 |  13.3
        D:6 |     408 |      46 |  10.1 |      12 |       1 |   7.7
        D:7 |    1220 |       0 |   0.0 |      22 |       0 |   0.0
        D:8 |     800 |     573 |  41.7 |      17 |       6 |  26.1
            +---------+---------+-------+---------+---------+-------
